| TOP OF THE 1ST |
|
Batavia Muckdogs batting - Pitching for Auburn Doubledays : RHP Chris Mosley
|
|
Pitching: RHP Chris Mosley
|
|
|
Batting: SHB Justin Corbett
|
0-0: Ball 1-0: Ball 2-0: Called Strike 2-1: Called Strike 2-2: Strikes out swinging
|
|
Batting: LHB Danny Treto
|
0-0: Ball 1-0: Called Strike 1-1: Ball 2-1: Swinging Strike 2-2: Ball 3-2: Foul Ball, location: 2F 3-2: Ground out 4-3 (Groundball, 4MS, EV 59.4 MPH)
|
|
Batting: RHB Reomel Somera
|
0-0: Ball 1-0: Foul Ball, location: 2F 1-1: Called Strike 1-2: Strikes out looking
|
| Top of the 1st over - 0 runs, 0 hits, 0 errors, 0 left on base; Batavia 0 - Auburn 0 |
| BOTTOM OF THE 1ST |
|
Auburn Doubledays batting - Pitching for Batavia Muckdogs : RHP Carlos Guerrero
|
|
Pitching: RHP Carlos Guerrero
|
|
|
Batting: RHB John Savard
|
0-0: Ball 1-0: Ball 2-0: Called Strike 2-1: SINGLE (Groundball, 25, EV 63.1 MPH) (infield hit)
|
|
Batting: LHB Chance McWilliams
|
0-0: Ball John Savard steals 2nd, throwing error, E2 John Savard to third 1-0: Called Strike 1-1: Ball 2-1: Foul Ball, location: 2F 2-2: Fly out, F7 (Line Drive, 78M, EV 85.6 MPH) Runner from 3rd tags up, SCORES, throw by LF
|
|
Batting: RHB Nick Moreno
|
0-0: Called Strike 0-1: Ball 1-1: Ball 2-1: Foul Ball, location: 2F 2-2: Ball 3-2: Foul Ball, location: 2F 3-2: Strikes out swinging
|
|
Batting: RHB Deshawn Boseman
|
0-0: Called Strike 0-1: Ball 1-1: Swinging Strike 1-2: Strikes out swinging
|
| Bottom of the 1st over - 1 run, 1 hit, 1 error, 0 left on base; Batavia 0 - Auburn 1 |
| TOP OF THE 2ND |
|
Batavia Muckdogs batting - Pitching for Auburn Doubledays : RHP Chris Mosley
|
|
Batting: RHB Justin Dunham
|
0-0: Called Strike 0-1: Ground out 5-3 (Groundball, 5, EV 81.9 MPH)
|
|
Batting: SHB Greg Rivera
|
0-0: Called Strike 0-1: Ball 1-1: Ball 2-1: Swinging Strike 2-2: Ball 3-2: Strikes out swinging
|
|
Batting: RHB George Boivin
|
0-0: Foul Ball, location: 2F 0-1: Ground out 5-3 (Groundball, 5, EV 98.8 MPH)
|
| Top of the 2nd over - 0 runs, 0 hits, 0 errors, 0 left on base; Batavia 0 - Auburn 1 |
| BOTTOM OF THE 2ND |
|
Auburn Doubledays batting - Pitching for Batavia Muckdogs : RHP Carlos Guerrero
|
|
Batting: RHB Naofumi Ishida
|
0-0: Ball 1-0: Ball 2-0: Ball 3-0: Called Strike 3-1: DOUBLE (Groundball, 5L, EV 103.8 MPH)
|
|
Batting: SHB Ed Thorpe Jr.
|
0-0: TRIPLE (Flyball, 78XD, EV 105.0 MPH) Naofumi Ishida scores
|
|
Batting: RHB Antonio Vallez
|
0-0: Ball 1-0: Swinging Strike 1-1: Ball 2-1: DOUBLE (Flyball, 8RXD, EV 94.4 MPH) Ed Thorpe Jr. scores
|
|
Batting: RHB Jim Towle
|
0-0: Ball 1-0: Ball Passed Ball! Antonio Vallez to third 2-0: Swinging Strike 2-1: Swinging Strike 2-2: Strikes out looking
|
|
Batting: RHB Jelexiz Cuenca
|
0-0: Ball 1-0: Foul Ball, location: 2F 1-1: Ball 2-1: Ball 3-1: Foul Ball, location: 2F 3-2: Base on Balls
|
|
Batting: RHB John Savard
|
0-0: Fly out, F9 (Flyball, 9D, EV 103.8 MPH) Runner from 3rd tags up, SCORES, throw by RF
|
|
Batting: LHB Chance McWilliams
|
0-0: Ball 1-0: Called Strike 1-1: DOUBLE (Flyball, 8LD, EV 95.6 MPH) Jelexiz Cuenca to third
|
|
Batting: RHB Nick Moreno
|
0-0: Called Strike 0-1: Ball 1-1: Ball 2-1: Foul Ball, location: 2F 2-2: Strikes out swinging
|
| Bottom of the 2nd over - 3 runs, 4 hits, 0 errors, 2 left on base; Batavia 0 - Auburn 4 |
| TOP OF THE 3RD |
|
Batavia Muckdogs batting - Pitching for Auburn Doubledays : RHP Chris Mosley
|
|
Batting: RHB Andy Kelly
|
0-0: Swinging Strike 0-1: Ball 1-1: Fly out, F7 (Flyball, 7, EV 89.4 MPH)
|
|
Batting: RHB Jeremy Dennis
|
0-0: Ball 1-0: Foul Ball, location: 2F 1-1: Swinging Strike 1-2: Foul Ball, location: 2F 1-2: Ball 2-2: Strikes out swinging
|
|
Batting: RHB Calvin Morin
|
0-0: SINGLE (Line Drive, 34, EV 95.6 MPH)
|
|
Batting: SHB Justin Corbett
|
Balk! Calvin Morin to second 0-0: Ball 1-0: Ball 2-0: Foul Ball, location: 2F 2-1: SINGLE (Flyball, 78S, EV 86.2 MPH) Calvin Morin to third
|
|
Batting: LHB Danny Treto
|
0-0: Ball 1-0: Ball 2-0: Foul Ball, location: 2F 2-1: Ball 3-1: Foul Ball, location: 2F 3-2: Ground out 4-3 (Groundball, 4, EV 107.5 MPH)
|
| Top of the 3rd over - 0 runs, 2 hits, 0 errors, 2 left on base; Batavia 0 - Auburn 4 |
| BOTTOM OF THE 3RD |
|
Auburn Doubledays batting - Pitching for Batavia Muckdogs : RHP Carlos Guerrero
|
|
Batting: RHB Deshawn Boseman
|
0-0: Ball 1-0: Ball 2-0: Foul Ball, location: 2F 2-1: SINGLE (Groundball, 56D, EV 114.4 MPH)
|
|
Batting: RHB Naofumi Ishida
|
0-0: Ball 1-0: Ball 2-0: Grounds into double play, 5-4-3 (Groundball, 5S, EV 86.2 MPH)
|
|
Batting: SHB Ed Thorpe Jr.
|
0-0: Swinging Strike 0-1: Foul Ball, location: 2F 0-2: Ground out 3-1 (Groundball, 34, EV 81.9 MPH)
|
| Bottom of the 3rd over - 0 runs, 1 hit, 0 errors, 0 left on base; Batavia 0 - Auburn 4 |
| TOP OF THE 4TH |
|
Batavia Muckdogs batting - Pitching for Auburn Doubledays : RHP Chris Mosley
|
|
Batting: RHB Reomel Somera
|
0-0: Swinging Strike 0-1: Foul Ball, location: 2F 0-2: Ball 1-2: Ground out U3 (Groundball, 34S, EV 87.5 MPH)
|
|
Batting: RHB Justin Dunham
|
0-0: Foul Ball, location: 2F 0-1: Ball 1-1: Foul Ball, location: 2F 1-2: Ball 2-2: Foul Ball, location: 2F 2-2: Fly out, F7 (Line Drive, 7, EV 90.6 MPH)
|
|
Batting: SHB Greg Rivera
|
0-0: Ball 1-0: Swinging Strike 1-1: Ball 2-1: Ball 3-1: Foul Ball, location: 2F 3-2: Ground out 5-3 (Groundball, 56S, EV 84.4 MPH)
|
| Top of the 4th over - 0 runs, 0 hits, 0 errors, 0 left on base; Batavia 0 - Auburn 4 |
| BOTTOM OF THE 4TH |
|
Auburn Doubledays batting - Pitching for Batavia Muckdogs : RHP Carlos Guerrero
|
|
Batting: RHB Antonio Vallez
|
0-0: Ball 1-0: Ball 2-0: Ball 3-0: Swinging Strike 3-1: Foul Ball, location: 2F 3-2: DOUBLE (Flyball, 8RXD, EV 106.9 MPH)
|
|
Batting: RHB Jim Towle
|
0-0: Foul Ball, location: 2F 0-1: Called Strike Antonio Vallez is caught stealing 3rd base 2-5 0-2: Ball 1-2: Ball 2-2: Ball 3-2: Ground out U3 (Groundball, 34S, EV 91.9 MPH)
|
|
Batting: RHB Jelexiz Cuenca
|
0-0: Swinging Strike 0-1: Called Strike 0-2: Ball 1-2: Foul Ball, location: 2F 1-2: Ball 2-2: Foul Ball, location: 2F 2-2: Ball 3-2: Ground out 4-3 (Groundball, 4M, EV 105.6 MPH)
|
| Bottom of the 4th over - 0 runs, 1 hit, 0 errors, 0 left on base; Batavia 0 - Auburn 4 |
| TOP OF THE 5TH |
|
Batavia Muckdogs batting - Pitching for Auburn Doubledays : RHP Chris Mosley
|
|
Batting: RHB George Boivin
|
0-0: Ball 1-0: Ball 2-0: Foul Ball, location: 2F 2-1: Ball 3-1: Base on Balls
|
|
Batting: RHB Andy Kelly
|
0-0: Called Strike 0-1: Fly out, F7 (Flyball, 78M, EV 87.5 MPH)
|
|
Batting: RHB Jeremy Dennis
|
0-0: Called Strike 0-1: Ball George Boivin is caught stealing 2nd base 2-4 1-1: Ground out 5-3 (Groundball, 56, EV 106.2 MPH)
|
| Top of the 5th over - 0 runs, 0 hits, 0 errors, 0 left on base; Batavia 0 - Auburn 4 |
| BOTTOM OF THE 5TH |
|
Auburn Doubledays batting - Pitching for Batavia Muckdogs : RHP Carlos Guerrero
|
|
Pitching: RHP Alfonso Mier
|
|
|
Batting: RHB John Savard
|
0-0: Ball 1-0: Ball 2-0: Ground out 6-3 (Groundball, 6M, EV 78.8 MPH)
|
|
Batting: LHB Chance McWilliams
|
0-0: Foul Ball, location: 2F 0-1: Ball 1-1: Hit by Pitch
|
|
Batting: RHB Nick Moreno
|
0-0: Ball 1-0: Ball 2-0: Ball 3-0: Base on Balls Chance McWilliams to second
|
|
Batting: RHB Deshawn Boseman
|
0-0: Foul Ball, location: 2F 0-1: Swinging Strike 0-2: Strikes out looking
|
|
Batting: RHB Naofumi Ishida
|
0-0: Called Strike 0-1: Ball 1-1: Foul Ball, location: 2F 1-2: Ground out 5-3 (Groundball, 5S, EV 81.2 MPH)
|
| Bottom of the 5th over - 0 runs, 0 hits, 0 errors, 2 left on base; Batavia 0 - Auburn 4 |
| TOP OF THE 6TH |
|
Batavia Muckdogs batting - Pitching for Auburn Doubledays : RHP Chris Mosley
|
|
Batting: RHB Calvin Morin
|
0-0: Ball 1-0: Fly out, F7 (Line Drive, 7, EV 100.0 MPH)
|
|
Batting: SHB Justin Corbett
|
0-0: Called Strike 0-1: Ball 1-1: Ball 2-1: Swinging Strike 2-2: Strikes out looking
|
|
Batting: LHB Danny Treto
|
0-0: Ball 1-0: Ball 2-0: Called Strike 2-1: Swinging Strike 2-2: Strikes out swinging
|
| Top of the 6th over - 0 runs, 0 hits, 0 errors, 0 left on base; Batavia 0 - Auburn 4 |
| BOTTOM OF THE 6TH |
|
Auburn Doubledays batting - Pitching for Batavia Muckdogs : RHP Alfonso Mier
|
|
Batting: SHB Ed Thorpe Jr.
|
0-0: Swinging Strike 0-1: Swinging Strike 0-2: Strikes out swinging
|
|
Batting: RHB Antonio Vallez
|
0-0: Called Strike 0-1: Ball 1-1: Foul Ball, location: 2F 1-2: Ball 2-2: Ball 3-2: Foul Ball, location: 2F 3-2: Strikes out swinging
|
|
Batting: RHB Jim Towle
|
0-0: Hit by Pitch
|
|
Batting: RHB Jelexiz Cuenca
|
0-0: Foul Ball, location: 2F 0-1: Foul Ball, location: 2F 0-2: Ball 1-2: Ball 2-2: Strikes out swinging
|
| Bottom of the 6th over - 0 runs, 0 hits, 0 errors, 1 left on base; Batavia 0 - Auburn 4 |
| TOP OF THE 7TH |
|
Batavia Muckdogs batting - Pitching for Auburn Doubledays : RHP Chris Mosley
|
|
Pitching: LHP Gregg Huddleston
|
|
|
Batting: RHB Reomel Somera
|
0-0: Swinging Strike 0-1: Called Strike 0-2: Strikes out swinging
|
|
Batting: RHB Justin Dunham
|
0-0: Ball 1-0: Ball 2-0: Fly out, F7 (Line Drive, 78M, EV 101.9 MPH)
|
|
Batting: SHB Greg Rivera
|
0-0: Foul Ball, location: 2F 0-1: Swinging Strike 0-2: Ball 1-2: Foul Ball, location: 2F 1-2: Foul Ball, location: 2F 1-2: Strikes out swinging
|
| Top of the 7th over - 0 runs, 0 hits, 0 errors, 0 left on base; Batavia 0 - Auburn 4 |
| BOTTOM OF THE 7TH |
|
Auburn Doubledays batting - Pitching for Batavia Muckdogs : RHP Alfonso Mier
|
|
Batting: RHB John Savard
|
0-0: SINGLE (Groundball, 6M, EV 82.5 MPH) (infield hit)
|
|
Batting: LHB Chance McWilliams
|
0-0: Called Strike John Savard is caught stealing 2nd base 2-6 0-1: Foul Ball, location: 2F 0-2: Ball 1-2: Ball 2-2: SINGLE (Groundball, 4M, EV 103.8 MPH) (infield hit)
|
|
Pitching: LHP Brian Worthy
|
|
|
Batting: RHB Nick Moreno
|
0-0: Ball 1-0: Foul Ball, location: 2F 1-1: Foul Ball, location: 2F 1-2: Ball 2-2: Grounds into double play, 4-6-3 (Groundball, 34S, EV 86.2 MPH)
|
| Bottom of the 7th over - 0 runs, 2 hits, 0 errors, 0 left on base; Batavia 0 - Auburn 4 |
| TOP OF THE 8TH |
|
Batavia Muckdogs batting - Pitching for Auburn Doubledays : LHP Gregg Huddleston
|
|
Batting: RHB George Boivin
|
0-0: Ball 1-0: Called Strike 1-1: Foul Ball, location: 2F 1-2: Ball 2-2: Ball 3-2: Strikes out swinging
|
|
Batting: RHB Andy Kelly
|
0-0: Called Strike 0-1: Called Strike 0-2: Strikes out swinging
|
|
Batting: RHB Jeremy Dennis
|
0-0: Ball 1-0: Ball 2-0: Ball 3-0: Base on Balls
|
|
Pitching: RHP Jordan Amaker
|
|
|
Batting: RHB Calvin Morin
|
0-0: Ball 1-0: Reached on error, E5 (Groundball, 56, EV 83.8 MPH) Jeremy Dennis to second
|
|
Batting: SHB Justin Corbett
|
0-0: Called Strike 0-1: Ball 1-1: Ball 2-1: Ball 3-1: Base on Balls Jeremy Dennis to third Calvin Morin to second
|
|
Batting: LHB Danny Treto
|
0-0: Swinging Strike 0-1: Swinging Strike 0-2: Ball 1-2: Ball Passed Ball! Jeremy Dennis scores Calvin Morin to third Justin Corbett to second 2-2: Ball 3-2: Strikes out swinging
|
| Top of the 8th over - 1 run, 0 hits, 1 error, 2 left on base; Batavia 1 - Auburn 4 |
| BOTTOM OF THE 8TH |
|
Auburn Doubledays batting - Pitching for Batavia Muckdogs : LHP Brian Worthy
|
|
Batting: RHB Deshawn Boseman
|
0-0: Called Strike 0-1: Fly out, F7 (Flyball, 78S, EV 93.8 MPH)
|
|
Batting: RHB Naofumi Ishida
|
0-0: Ground out 5-3 (Groundball, 5, EV 86.9 MPH)
|
|
Batting: SHB Ed Thorpe Jr.
|
0-0: Ball 1-0: Called Strike 1-1: Ball 2-1: Foul Ball, location: 2F 2-2: Strikes out swinging, 2-3 out at first.
|
| Bottom of the 8th over - 0 runs, 0 hits, 0 errors, 0 left on base; Batavia 1 - Auburn 4 |
| TOP OF THE 9TH |
|
Batavia Muckdogs batting - Pitching for Auburn Doubledays : RHP Jordan Amaker
|
|
Pitching: RHP Chris Doty
|
|
|
Batting: RHB Reomel Somera
|
0-0: Foul Ball, location: 2F 0-1: Swinging Strike 0-2: Strikes out swinging
|
|
Batting: RHB Justin Dunham
|
0-0: Ground out 4-3 (Groundball, 4S, EV 85.6 MPH)
|
|
Batting: SHB Greg Rivera
|
0-0: Swinging Strike 0-1: Ball 1-1: Ball 2-1: Ball 3-1: Base on Balls
|
|
Batting: RHB George Boivin
|
0-0: Ground out 1-3 (Groundball, 15S, EV 71.2 MPH)
|
| Top of the 9th over - 0 runs, 0 hits, 0 errors, 1 left on base; Batavia 1 - Auburn 4 |
|